 Dungeon Crawl Stone Soup version 0.31.0-10-gcf4a605ca0 (webtiles) character file.

Game seed: 1579982461682047735

39757 Sweeb the Spear-Bearer (level 13, -1/104 HPs)
             Began as a Demonspawn Gladiator on Jan 24, 2024.
             Was a High Priest of Kikubaaqudgha.
             Killed from afar by Azrael (17 damage)
             ... with damnation
             ... on level 2 of the Orcish Mines on Jan 25, 2024.
             The game lasted 00:43:00 (18688 turns).

Sweeb the Spear-Bearer (Demonspawn Gladiator)      Turns: 18688, Time: 00:43:01

Health: -1/104     AC: 19    Str: 23    XL:     13   Next: 70%
Magic:  24/24      EV: 17    Int: 21    God:    Kikubaaqudgha [*****.]
Gold:   1689       SH:  0    Dex: 17    Spells: 19/27 levels left

rFire   + . .        a - +3 trident (heavy)
rCold   + . .        (no shield)
rNeg    + + +        Q - +0 swamp dragon scales
rPois   +            h - +2 hat {Int+3}
rElec   .            W - scarf {repulsion}
rCorr   .            (no gloves)
SInv    .            i - +0 pair of boots
Will    +....        S - amulet of faith
Stlth   +++          R - ring of Piasob {rF- rN+++ Str+6 Int+5 Stlth-}
HPRegen 0.37/turn    p - ring of Ygguokuj {rF+ rC+ Will+ Str+2 Stlth+}
MPRegen 0.19/turn

%: random rage (3%), repel missiles, faith
@: sanguine armoured, studying 2 skills
A: foul stench 2, powered by pain 1, sanguine armour 2, demonic touch 2, berserk
1, clever 1, fire resistance 1, sturdy frame 1
a: Renounce Religion, Unearth Wretches, Torment


You were on level 2 of the Orcish Mines.
You worshipped Kikubaaqudgha.
Kikubaaqudgha was extremely pleased with you.
You visited 4 branches of the dungeon, and saw 19 of its levels.
You also visited: Trove and Ice Cave.

You collected 1689 gold pieces.

Inventory:

Hand Weapons
 a - a +3 heavy trident (weapon)
 c - a +0 vampiric spear
 t - a +2 scimitar of flaming
Missiles
 e - 5 javelins
Armour
 d - +0 acid dragon scales
 h - a +2 hat of intelligence (worn)
 i - a +0 pair of boots (worn)
 q - the +1 robe "Rorr" {SInv}
   (You found it on level 4 of the Lair of Beasts)

   SInv:      It lets you see invisible.
 w - +1 steam dragon scales
 z - a +0 buckler of cold resistance
 Q - +0 swamp dragon scales (worn)
 W - a scarf of repulsion (worn)
 Z - a +0 leather armour of willpower
Jewellery
 j - a ring of flight
 n - the ring "Zeconill" {rCorr Str-2 Dex+6 Stlth+}
   (You found it in an ice cave)

   [ring of dexterity]

   Str-2:     It affects your strength (-2).
   Dex+6:     It affects your dexterity (+6).
   rCorr:     It protects you from acid and corrosion.
   Stlth+:    It makes you more stealthy.
 o - a ring of wizardry
 p - the ring of Ygguokuj (right hand) {rF+ rC+ Will+ Str+2 Stlth+}
   (You found it on level 11 of the Dungeon)

   [ring of protection from cold]

   Str+2:     It affects your strength (+2).
   rF+:       It protects you from fire.
   rC+:       It protects you from cold.
   Will+:     It increases your willpower.
   Stlth+:    It makes you more stealthy.
 x - a +6 ring of intelligence
 y - an amulet of reflection
 E - a ring of protection from cold
 J - a ring of see invisible
 L - the ring "Lyew" {Fire MP+9}
   (You found it on level 8 of the Dungeon)

   [ring of fire]

   Fire:      It enhances your fire magic.
   rF+:       It protects you from fire.
   rC-:       It makes you vulnerable to cold.
   MP+9:      It affects your magic capacity (+9).
 R - the ring of Piasob (left hand) {rF- rN+++ Str+6 Int+5 Stlth-}
   (You found it in a treasure trove)

   [ring of strength]

   Str+6:     It affects your strength (+6).
   Int+5:     It affects your intelligence (+5).
   rF-:       It makes you vulnerable to fire.
   rN+++:     It renders you almost immune to negative energy.
   Stlth-:    It makes you less stealthy.
 S - an amulet of faith (around neck)
 U - a ring of protection from fire
Wands
 l - a wand of digging (4)
 D - a wand of charming (5)
 H - a wand of mindburst (10)
Scrolls
 b - a scroll of fear
 m - 2 scrolls of fog
 s - 5 scrolls of teleportation
 C - a scroll of blinking
 I - 3 scrolls of torment
 P - 6 scrolls of identify
Potions
 f - 2 potions of cancellation
 g - a potion of lignification
 k - 2 potions of enlightenment
 r - a potion of magic
 F - 3 potions of brilliance
 V - a potion of might
Miscellaneous
 O - a tin of tremorstones (2/2)


   Skills:
 + Level 10.5 Fighting
 * Level 13.5 Polearms
 - Level 1.7 Throwing
 + Level 9.9 Dodging
 - Level 5.0 Stealth
 + Level 7.7 Spellcasting
 + Level 9.2 Necromancy


You had 19 spell levels left.
You knew the following spells:

 Your Spells              Type           Power      Damage    Failure   Level
a - Necrotise             Necr           100%       1d9       1%          1
b - Vampiric Draining     Necr           47%        2d9       1%          3
c - Dispel Undead         Necr           47%        3d18      2%          4

Your spell library contained the following spells:

 Spells                   Type           Power      Damage    Failure   Level
 Kiss of Death            Conj/Necr      100%       2d13      1%          1
 Fugue of the Fallen      Necr           47%        N/A       1%          3
 Freeze                   Ice            32%        1d5       11%         1
 Lesser Beckoning         Tloc           16%        N/A       16%         2
 Anguish                  Hex/Necr       13%        N/A       16%         4
 Martyr's Knell           Necr/Summ      27%        N/A       16%         4
 Frozen Ramparts          Ice            16%        1d3       30%         3
 Gell's Gravitas          Tloc           8%         N/A       30%         3
 Hailstorm                Conj/Ice       8%         3d5       30%         3
 Inner Flame              Hex/Fire       8%         N/A       30%         3
 Summon Ice Beast         Ice/Summ       8%         N/A       30%         3
 Teleport Other           Tloc           8%         N/A       30%         3
 Death Channel            Necr           23%        N/A       34%         6
 Flame Wave               Conj/Fire      8%         2d5       71%         4
 Sticky Flame             Fire/Alch      8%         2d4       71%         4
 Dispersal                Tloc           4%         N/A       100%        6
 Sculpt Simulacrum        Ice/Alch       4%         N/A       100%        6
 Malign Gateway           Summ/Tloc      4%         N/A       100%        7
 Summon Horrible Things   Summ           4%         N/A       100%        8


Dungeon Overview and Level Annotations

Branches:
Dungeon (11/15)            Temple (1/1) D:5            Lair (5/5) D:10
 Shoals (0/4) Lair:3        Snake (0/4) Lair:3          Orc (2/2) D:9
    Elf (0/3) Orc:2         IceCv (visited)
  Slime: Lair:4-5

Altars:
Ashenzari
Cheibriados
Dithmenos
Fedhas
Gozag
Hepliaklqana
Kikubaaqudgha
Makhleb
Nemelex Xobeh
Okawaru
Qazlal
Ru
Sif Muna
Trog
Uskayaw
Vehumet
Wu Jian
Xom
Yredelemnul

Annotations:
D:3 1 runed translucent door, browni3141's ghost, amateur DEGl
Orc:2 Azrael


Innate Abilities, Weirdness & Mutations

You sometimes emit foul miasma when damaged in melee.
You sometimes gain a little power by taking damage.
When seriously injured, your blood forms thick armour. (AC +9)
Your touch may inflict irresistible damage on your foes.
You sometimes lose your temper in combat.
Your mind is acute. (Int +4, Str/Dex -1)
Your flesh is heat resistant. (rF+)
Your movements are slightly less encumbered by armour. (ER -2)


Message History

You puncture the hell hound!
The hell hound is heavily wounded.
The hell hound bites you but does no damage.
The hell hound bites you.
You puncture the hell hound!
You kill the hell hound!
Kikubaaqudgha accepts your kill.
You completely miss the fire elemental. The fire elemental barely misses you.
You barely miss the fire elemental. Your touch misses the fire elemental.
The fire elemental completely misses you.
You impale the fire elemental!!
You touch the fire elemental.
You destroy the fire elemental!
Kikubaaqudgha accepts your kill.
You puncture Azrael! Your touch misses Azrael.
Azrael is lightly wounded.
Azrael closely misses you.
You puncture Azrael!
Azrael is lightly wounded.
Azrael gestures at you.
The fireball explodes!
The fireball engulfs you! You resist.
The fireball engulfs Azrael.
Azrael completely resists.
You impale Azrael!!
Azrael is heavily wounded.
Azrael hits you but does no damage.
You barely miss Azrael.
Azrael is heavily wounded.
Azrael barely misses you.
You impale Azrael!!
Azrael is severely wounded.
Azrael gestures at you.
The fireball explodes!
The fireball engulfs you!! You resist.
* * * LOW HITPOINT WARNING * * *
The fireball engulfs Azrael.
Azrael completely resists.
You puncture Azrael!
Azrael is severely wounded.
Azrael's eyes look fiery.
Azrael gestures at you.
The sphere of damnation explodes!
The damnation engulfs you!
You die...
Kikubaaqudgha rasps: "You have failed me!
Welcome... death!"

..^.....E°.#...#####.##...
.......#h.....## ####...
#......##.....# ##..
#.......°#°○.## #..
##....°RE☼EE## ##.
#....###h#h## #. #....
##○## ## ##.#. ##R# #.
#@#.# ## #.###.# # #.# #.#
#.# #.# #.# #.# #.# ## #.#
##


You could see Azrael.

Vanquished Creatures
  A stone giant (D:11)
  A hydra (Lair:4)
  2 catoblepae
  4 two-headed ogres
  A boulder beetle (D:11)
  Erica (Lair:2)
  5 death yaks
  A skyshark (Lair:3)
  An arcanist (D:11)
  Pikel (D:5)
  An orc knight (Orc:2)
  An orc sorcerer (Orc:2)
  2 ugly things
  A salamander (Lair:3)
  3 manticores (D:11)
  6 black mambas
  Joseph (D:7)
  2 ice statues (IceCv)
  5 cane toads
  A gargoyle (D:11)
  A torpor snail (Lair:1)
  An efreet (D:11)
  4 freezing wraiths
  6 rime drakes
  3 komodo dragons
  6 trolls
  2 polar bears
  A hornet (D:11)
  Prince Ribbit (D:9)
  7 blink frogs
  A slime creature (Lair:2)
  2 shadows
  2 vampires
  21 yaks
  A centaur simulacrum (D:11)
  2 wyverns
  Eustachio (D:4)
  A fire elemental (Orc:2)
  2 death yak simulacra (IceCv)
  A basilisk (Lair:1)
  A warg (Orc:2)
  2 steam dragons
  3 nagas (Lair:3)
  Edmund (D:4)
  4 hell hounds (Orc:2)
  An acid dragon (D:11)
  11 water moccasins
  4 black bears
  17 orc warriors
  A sky beast (D:7)
  4 ogres
  5 centaurs
  3 phantoms
  A kobold brigand (D:7)
  10 bullfrogs
  4 scorpions
  A cane toad simulacrum (IceCv)
  8 wights
  14 killer bees
  2 electric eels (D:9)
  6 howler monkeys
  4 hounds
  4 bombardier beetles
  17 orc priests
  5 jellies
  3 gnoll boudas
  An iguana (D:4)
  Natasha (D:2)
  21 orc wizards
  6 hell rats
  16 gnolls
  6 river rats (Lair:4)
  3 adders
  A shadow imp (D:7)
  4 ufetubi
  A dart slug (D:4)
  51 orcs
  4 bats
  17 endoplasms
  2 giant cockroaches
  3 goblins
  6 hobgoblins
  8 jackals (D:4)
  8 kobolds
  3 quokkas
  5 ball pythons
  3 frilled lizards
  10 rats
423 creatures vanquished.

Vanquished Creatures (others)
  An orc priest (Orc:1)
1 creature vanquished.

Grand Total: 424 creatures vanquished

Notes
Turn   | Place    | Note
-------+----------+-------------------------------------------
     0 | D:1      | Sweeb the Demonspawn Gladiator began the quest for the Orb.
     0 | D:1      | Reached XP level 1. HP: 16/16 MP: 1/1
   246 | D:1      | Gained mutation: You may rarely emit foul miasma when
                  | damaged in melee. [demonic ancestry]
   246 | D:1      | Reached XP level 2. HP: 22/22 MP: 2/2
   356 | D:1      | Found a faded altar of an unknown god.
   368 | D:1      | Reached skill level 3 in Polearms
   389 | D:1      | You fall into a shaft and drop 1 floor!
  1183 | D:2      | Noticed Natasha
  1192 | D:2      | Killed Natasha
  1193 | D:2      | Reached skill level 1 in Stealth
  1193 | D:2      | Reached XP level 3. HP: 12/28 MP: 3/3
  1460 | D:3      | Found a runed translucent door.
  1461 | D:3      | Noticed browni3141's ghost (amateur DEGl)
  2030 | D:4      | Gained mutation: Your touch may inflict minor irresistible
                  | damage on your foes. [demonic ancestry]
  2030 | D:4      | Reached XP level 4. HP: 33/34 MP: 4/4
  2083 | D:4      | Noticed Eustachio
  2118 | D:4      | Killed Eustachio
  2119 | D:4      | Reached skill level 4 in Polearms
  2119 | D:4      | Gained mutation: You sometimes emit foul miasma when
                  | damaged in melee. [demonic ancestry]
  2119 | D:4      | Reached XP level 5. HP: 31/41 MP: 5/5
  2119 | D:4      | Gained mutation: You sometimes gain a little power by
                  | taking damage. [demonic ancestry]
  2119 | D:4      | Reached XP level 6. HP: 35/47 MP: 6/6
  2526 | D:4      | Noticed Edmund
  2539 | D:4      | HP: 2/47 [Edmund/+4 flail of venom (5)]
  2540 | D:4      | Killed Edmund
  2541 | D:4      | Reached skill level 5 in Polearms
  2541 | D:4      | Gained mutation: Your touch may inflict irresistible damage
                  | on your foes. [demonic ancestry]
  2541 | D:4      | Reached XP level 7. HP: 1/53 MP: 7/7
  3024 | D:5      | Entered Level 5 of the Dungeon
  3026 | D:5      | Found an opulent altar of Gozag.
  3313 | D:5      | Found a staircase to the Ecumenical Temple.
  3322 | Temple   | Entered the Ecumenical Temple
  3325 | Temple   | Became a worshipper of Kikubaaqudgha
  3367 | D:5      | Noticed Pikel
  3381 | D:5      | Killed Pikel
  3382 | D:5      | Reached skill level 6 in Polearms
  3382 | D:5      | Reached skill level 5 in Dodging
  3382 | D:5      | Reached XP level 8. HP: 46/61 MP: 8/8
  3389 | D:5      | Reached skill level 5 in Fighting
  4313 | D:6      | Reached skill level 7 in Polearms
  4344 | D:6      | Reached skill level 5 in Stealth
  4347 | D:6      | Gained mutation: When seriously injured, your blood forms
                  | armour. (AC +9) [demonic ancestry]
  4347 | D:6      | Reached XP level 9. HP: 45/68 MP: 9/9
  4665 | D:6      | Reached skill level 1 in Necromancy
  4751 | D:6      | Identified the +5 trident "Umanutoe" {freeze, rN+ Stlth+}
  4834 | D:6      | Reached skill level 1 in Spellcasting
  5015 | D:7      | Reached * piety under Kikubaaqudgha
  5015 | D:7      | Received a gift from Kikubaaqudgha
  5018 | D:7      | Learned a level 1 spell: Necrotise
  5022 | D:7      | Learned a level 3 spell: Vampiric Draining
  5107 | D:7      | Reached skill level 8 in Polearms
  5510 | D:7      | Found an ornate altar of the Wu Jian Council.
  5564 | D:7      | Noticed Joseph
  5577 | D:7      | Killed Joseph
  6583 | D:7      | Reached XP level 10. HP: 64/77 MP: 12/14
  7239 | D:8      | Identified the ring "Lyew" {Fire MP+9}
  7256 | D:8      | Identified the +0 buckler of Red the Invisible Hand {rN+}
  7407 | D:8      | Reached skill level 9 in Polearms
  7409 | D:8      | Reached ** piety under Kikubaaqudgha
  7992 | D:8      | Upgraded the game from 0.31.0-9-g3a7656b989 to
                  | 0.31.0-10-gcf4a605ca0
  8255 | D:9      | Noticed a two-headed ogre
  8542 | D:10     | Entered Level 10 of the Dungeon
  8552 | D:10     | Found a staircase to the Lair.
  9062 | D:10     | Reached *** piety under Kikubaaqudgha
  9062 | D:10     | Received a gift from Kikubaaqudgha
  9106 | D:10     | Noticed a two-headed ogre
  9126 | D:10     | Killed a two-headed ogre
  9402 | D:10     | Reached skill level 5 in Necromancy
  9841 | D:10     | Found a hide-covered altar of Uskayaw.
  9944 | D:10     | Found a portal to a secret trove of treasure.
  9953 | Trove    | Entered a treasure trove
  9969 | Trove    | Identified the ring of Piasob {rF- rN+++ Str+6 Int+5
                  | Stlth-}
 10151 | D:11     | Noticed a manticore
 10186 | Lair:1   | Entered Level 1 of the Lair of Beasts
 10222 | Lair:1   | Noticed a catoblepas
 10243 | Lair:1   | Killed a catoblepas
 10244 | Lair:1   | Reached skill level 10 in Polearms
 10244 | Lair:1   | Reached XP level 11. HP: 79/84 MP: 17/17
 10503 | Lair:1   | Noticed a death yak
 10503 | Lair:1   | Noticed a death yak
 10525 | Lair:1   | Killed a death yak
 10537 | Lair:1   | Killed a death yak
 11409 | Lair:2   | Reached skill level 5 in Spellcasting
 11525 | Lair:2   | You fall into a shaft and drop 1 floor!
 11698 | Lair:3   | Reached skill level 11 in Polearms
 12417 | Lair:3   | Noticed a catoblepas
 12550 | Lair:2   | Noticed Erica
 12567 | Lair:2   | Killed Erica
 12568 | Lair:2   | Gained mutation: When seriously injured, your blood forms
                  | thick armour. (AC +9) [demonic ancestry]
 12568 | Lair:2   | Reached XP level 12. HP: 51/94 MP: 20/20
 13620 | Lair:3   | Found a staircase to the Snake Pit.
 13745 | Lair:3   | Killed a catoblepas
 14014 | Lair:3   | Noticed a death yak
 14016 | Lair:3   | Noticed a death yak
 14016 | Lair:3   | Noticed a death yak
 14028 | Lair:3   | Killed a death yak
 14029 | Lair:3   | Reached skill level 12 in Polearms
 14040 | Lair:3   | Killed a death yak
 14044 | Lair:3   | Killed a death yak
 14245 | Lair:3   | Found a staircase to the Shoals.
 14826 | Lair:4   | Identified the +1 robe "Rorr" {SInv}
 15114 | Lair:4   | Noticed a six-headed hydra
 15120 | Lair:4   | Killed a six-headed hydra
 15477 | Lair:5   | Entered Level 5 of the Lair of Beasts
 15477 | Lair:5   | Noticed a boulder beetle
 15612 | D:11     | Noticed a two-headed ogre
 15626 | D:11     | Killed a two-headed ogre
 15626 | D:11     | Noticed a boulder beetle
 15631 | D:11     | Killed a boulder beetle
 15632 | D:11     | Reached XP level 13. HP: 61/102 MP: 23/23
 15644 | D:11     | Reached **** piety under Kikubaaqudgha
 15654 | D:11     | Noticed a stone giant
 15662 | D:11     | Killed a stone giant
 15744 | D:11     | Reached skill level 10 in Fighting
 15876 | D:11     | Identified the +3 hand axe "Zeciucez" {drain, rElec rF+
                  | Int+4}
 16231 | D:11     | Reached skill level 13 in Polearms
 16244 | D:11     | Identified the ring of Ygguokuj {rF+ rC+ Will+ Str+2
                  | Stlth+}
 16583 | D:10     | Learned a level 4 spell: Dispel Undead
 16736 | D:9      | Noticed Prince Ribbit
 16740 | D:9      | Killed Prince Ribbit
 16791 | D:9      | Reached ***** piety under Kikubaaqudgha
 17419 | D:9      | Found a staircase to the Orcish Mines.
 17476 | Orc:1    | Entered Level 1 of the Orcish Mines
 17481 | D:9      | Gained mutation: You have an increased reservoir of magic.
                  | (+10% MP) [potion of mutation]
 17481 | D:9      | Gained mutation: You sometimes lose your temper in combat.
                  | [potion of mutation]
 17481 | D:9      | Gained mutation: You have large cloven feet. [potion of
                  | mutation]
 17481 | D:9      | Gained mutation: A frigid envelope surrounds you and
                  | freezes all who hurt you. [potion of mutation]
 17482 | D:9      | Lost mutation: A frigid envelope surrounds you and freezes
                  | all who hurt you. [potion of mutation]
 17482 | D:9      | Lost mutation: You have an increased reservoir of magic.
                  | (+10% MP) [potion of mutation]
 17482 | D:9      | Gained mutation: Your flesh is heat resistant. (rF+)
                  | [potion of mutation]
 17483 | D:9      | Lost mutation: You have large cloven feet. [potion of
                  | mutation]
 17483 | D:9      | Lost mutation: You sometimes lose your temper in combat.
                  | [potion of mutation]
 17483 | D:9      | Gained mutation: Your movements are slightly less
                  | encumbered by armour. (ER -2) [potion of mutation]
 17483 | D:9      | Gained mutation: You sometimes lose your temper in combat.
                  | [potion of mutation]
 17483 | D:9      | Gained mutation: Your mind is acute. (Int +4, Str/Dex -1)
                  | [potion of mutation]
 17486 | Orc:1    | Found a frozen archway.
 17528 | IceCv    | Entered an ice cave
 17532 | IceCv    | Found a transporter.
 17786 | IceCv    | Found a transporter.
 17924 | IceCv    | Identified the ring "Zeconill" {rCorr Str-2 Dex+6 Stlth+}
 18123 | Orc:2    | Entered Level 2 of the Orcish Mines
 18646 | Orc:2    | Found a staircase to the Elven Halls.
 18648 | Orc:2    | Noticed Azrael
 18688 | Orc:2    | Killed from afar by Azrael

Illustrated notes

Levels and vault maps discovered:
D:1:      matt_arrival_los_fun, layout_basic, hellmonk_ecumenical_altar_lost_god
D:2:      layout_rooms, uniq_crazy_yiuf_cottage, uniq_natasha
D:3:      layout_basic, gammafunk_ghost_grave, chequers_serial_rivers_room_a,
          kennysheep_generic_room_2
D:4:      layout_basic, minmay_ruptured, uniq_eustachio, uniq_edmund
D:5:      layout_rooms, grunt_temple_overflow_open, temple_statues,
          minmay_crystal_room, minmay_small_thing, uniq_pikel
D:6:      layout_basic
D:7:      layout_gridville, mainiacjoe_overflow_six_doors_small,
          minmay_checkerbox, uniq_joseph
D:8:      layout_loops_cross, corner_web_ring, nicolae_elevator_lobby_plus
D:9:      layout_irregular_city, erik_orc_2, minmay_puff, uniq_prince_ribbit1
D:10:     layout_roguey, lemuel_coloured_pillars_altar, lair_entry_dummy,
          nicolae_trove_entry_crystal
D:11:     minmay_the_grid_square_5x5_5x5
          [minmay_the_grid_square_5x5_inverted_slash,
          minmay_the_grid_square_5x5_detours,
          minmay_the_grid_square_5x5_minibox,
          minmay_the_grid_square_5x5_pentomino_r,
          minmay_the_grid_square_5x5_two_walls_b,
          minmay_the_grid_square_5x5_mess,
          minmay_the_grid_square_5x5_prize_monsterx,
          minmay_the_grid_square_5x5_fancy_junction,
          minmay_the_grid_square_5x5_prize_snowflake,
          minmay_the_grid_square_5x5_slash, minmay_the_grid_square_5x5_bite,
          minmay_the_grid_square_5x5_spiral_small,
          minmay_the_grid_square_5x5_prize_waves,
          minmay_the_grid_square_5x5_fat_x, minmay_the_grid_square_5x5_spiral,
          minmay_the_grid_square_5x5_tie,
          minmay_the_grid_square_5x5_prize_itemx,
          minmay_the_grid_square_5x5_shrine1,
          minmay_the_grid_square_5x5_prize_open,
          minmay_the_grid_square_5x5_two_small,
          minmay_the_grid_square_5x5_tetrominoes,
          minmay_the_grid_square_5x5_hollow_slash,
          minmay_the_grid_square_5x5_n_small,
          minmay_the_grid_square_5x5_longway, minmay_the_grid_square_5x5_plus],
          layout_rooms, minmay_pinched_square
Temple:   dpeg_three_leaves_temple
Lair:1:   layout_roguey, st_stairs_9, minivault_19
Lair:2:   lemuel_slime, layout_loops_ring, lemuel_fruit_fields,
          infiniplex_staircase_pool, uniq_erica
Lair:3:   layout_regular_city, elwin_shoals_entry_rooms,
          alex1729_snake_entry_snake, lemuel_fruit_tree, lemuel_fruit_fields
Lair:4:   layout_regular_city, kennysheep_rathole
Lair:5:   cheibrodos_lair_end_hotspot, layout_misc_corridors, slime_entry_1,
          nzn_masters_of_martial_movement
Orc:1:    layout_caves, portal_ice_cave_rime, serial_shops, shop
Orc:2:    grunt_orc_tribal_feast, layout_caves, uniq_azrael

Skill      XL: |  1  2  3  4  5  6  7  8  9 10 11 12 13 |
---------------+----------------------------------------+-----
Polearms       | 3 4 5 6 7 8 10 11 12 13 | 13.5
Dodging        | 3 4 5 6 7 8 9 |  9.9
Stealth        | 1 2 3 4 5 |  5.0
Fighting       | 3 4 5 6 7 8 9 10 | 10.5
Necromancy     | 3 5 6 8 9 |  9.2
Spellcasting   | 2 4 5 6 7 |  7.7
Throwing       | |  1.7

Action                     |  1- 3 |  4- 6 |  7- 9 | 10-12 | 13-15 || total
---------------------------+-------+-------+-------+-------+-------++-------
  Melee: Trident           |   119 |    81 |   217 |   725 |   288 ||  1430
         Punch             |     1 |       |     3 |     5 |     1 ||    10
         Touch             |       |    15 |    45 |   121 |    44 ||   225
  Throw: Throwing net      |     1 |       |     1 |     2 |     1 ||     5
         Javelin           |       |       |       |     2 |       ||     2
   Cast: Necrotise         |       |       |     5 |     1 |       ||     6
  Evoke: Wand              |       |       |       |       |     4 ||     4
    Use: Scroll            |     9 |       |    12 |    15 |     8 ||    44
         Potion            |       |     1 |     1 |    12 |     9 ||    23
   Stab: Sleeping          |     3 |       |    11 |     4 |     1 ||    19
         Distracted        |       |       |     1 |     5 |     1 ||     7
         Held in net/web   |       |       |     3 |     5 |     1 ||     9
 Armour: Leather armour    |    45 |    31 |    28 |       |       ||   104
         Robe              |       |       |    70 |    25 |       ||    95
         Swamp dragon scal |       |       |       |   287 |   151 ||   438
         Steam dragon scal |       |       |       |    43 |       ||    43
  Dodge: Dodged            |    67 |    43 |   149 |   418 |   181 ||   858
         Repelled          |       |       |     2 |     5 |     5 ||    12
  Block: Other             |       |       |    14 |    46 |       ||    60
         Reflection        |       |       |     3 |       |       ||     3
